 Dungeon Sprint DCSS version 0.23.0 (webtiles) character file.

Game seed: 11804825549593025836

4412 nuthulu the Severer (level 10, 0/93 HPs)
             Began as a Formicid Fighter on Feb 11, 2019.
             Was the Champion of Makhleb.
             Slain by Xabbyr Wac the pandemonium lord (31 damage)
             ... in the Dungeon (Sprint V: "Ziggurat Sprint").
             The game lasted 00:03:41 (204 turns).

nuthulu the Severer (Formicid Fighter)               Turns: 204, Time: 00:03:42

Health: 0/93       AC: 30    Str: 33    XL:     10   Next: 62%
Magic:  10/10      EV:  1    Int:  8    God:    Makhleb [******]
Gold:   0          SH: 28    Dex: 12    Spells: 9/9 levels left

rFire    + . .     SeeInvis +   F - +14 obsidian axe {chop, +Fly SInv *Curse} (curse)
rCold    + . .     Gourm    .   H - +18 shield of the Gong {rElec rN+ MR+ EV-5}
rNeg     + . .     Faith    .   G - +15 Maxwell's patent armour {-Cast -Tele rElec MR+ rCorr}
rPois    +         Spirit   .   (helmet unavailable)
rElec    +         Reflect  .   (no cloak)
rCorr    +         Harm     .   (no gloves)
MR       +++..     NoCast   +   (no boots)
Stlth    ..........             c - amulet of the acrobat
HPRegen  0.25/turn              D - +6 ring of strength
MPRegen  0.12/turn              b - ring of Robustness {AC+8}

@: mighty, resistant, corroded, mesmerised
A: permanent stasis, dig shafts and tunnels, four strong arms, antennae 3
a: Dig, Minor Destruction, Lesser Servant of Makhleb, Major Destruction, Greater
Servant of Makhleb, Renounce Religion, Evoke Flight


You were in the Dungeon.
You worshipped Makhleb.
Makhleb was exalted by your worship.
You were not hungry.

You visited 1 branch

Inventory:

Hand Weapons
 F - the cursed +14 obsidian axe (weapon) {chop, +Fly SInv *Curse}
   (You found it in the Dungeon)

   It inflicts extra damage upon your enemies.
   It lets you see invisible.
   It lets you fly.
   It curses itself when equipped.
   It has a curse placed upon it.
Armour
 G - the +15 Maxwell's patent armour (worn) {-Cast -Tele rElec MR+ rCorr}
   (You found it in the Dungeon)

   It insulates you from electricity.
   It affects your resistance to hostile enchantments.
   It prevents spellcasting.
   It prevents most forms of teleportation.
   It provides partial protection from all sources of acid and corrosion.
 H - the +18 shield of the Gong (worn) {rElec rN+ MR+ EV-5}
   (You found it in the Dungeon)

   It affects your evasion (-5).
   It insulates you from electricity.
   It protects you from negative energy.
   It affects your resistance to hostile enchantments.
Jewellery
 a - the amulet "Wiseon" {RegenMP rElec}
   (You found it in the Dungeon)

   [amulet of magic regeneration]

   It increases your magic regeneration.
   It insulates you from electricity.
 b - the ring of Robustness (right hand) {AC+8}
   (You found it in the Dungeon)

   [ring of protection]

   It affects your AC (+8).
 c - an amulet of the acrobat (around neck)
 o - a +1 ring of slaying
 z - a +6 ring of dexterity
 A - a +6 ring of dexterity
 B - a +6 ring of intelligence
 C - a +6 ring of intelligence
 D - a +6 ring of strength (left hand)
 E - a +6 ring of strength
Wands
 w - a wand of disintegration (7)
 x - a wand of iceblast (7)
 y - a wand of acid (7)
Scrolls
 k - 4 scrolls of blinking
 q - 4 scrolls of amnesia
 r - 7 scrolls of fog
 s - a scroll of holy word
 t - 5 scrolls of identify
 u - 5 scrolls of remove curse
 v - 2 scrolls of fear
Potions
 d - 5 potions of might
 e - 10 potions of curing
 g - 9 potions of heal wounds
 h - 6 potions of haste
 i - 7 potions of magic
 j - 3 potions of berserk rage
 l - 2 potions of brilliance
 m - 2 potions of invisibility
 n - 3 potions of resistance
 p - 5 potions of agility
Comestibles
 f - 7 rations


   Skills:
 - Level 13.7 Fighting
 * Level 19.0 Axes
 - Level 3.2 Armour
 - Level 3.6 Shields


You had 9 spell levels left.
You didn't know any spells.
Your spell library was empty.

Dungeon Overview and Level Annotations

Branches:
Dungeon (1/1)

Altars:
Ashenzari
Cheibriados
Dithmenos
Elyvilon
Fedhas
Gozag
Hepliaklqana
Kikubaaqudgha
Makhleb
Nemelex Xobeh
Okawaru
Qazlal
Ru
Sif Muna
Trog
Uskayaw
Vehumet
Wu Jian
Xom
Yredelemnul
Zin
The Shining One
Beogh
Jiyva
Lugonu

Annotations:
D 1 transporter


Innate Abilities, Weirdness & Mutations

You cannot be hasted, slowed, berserked, paralysed or teleported.
You can dig through walls and to a lower floor.
Your four strong arms can wield two-handed weapons with a shield.
You have a pair of large antennae on your head. (SInv)


Message History

GONNNNG!
Unknown command.
Unknown command.
You feel protected. You block Xabbyr Wac's attack.
PANG!
Xabbyr Wac hits you but does no damage.
You writhe in agony.
You feel very mighty all of a sudden. You block Xabbyr Wac's attack.
GONNNNG!
You block Xabbyr Wac's attack.
SHROANNG!
You slice Xabbyr Wac!! You open a gate to Pandemonium!
A demon appears!
Xabbyr Wac is heavily wounded.
Xabbyr Wac hits you but does no damage.
You writhe in agony.
Unknown command.
You closely miss Xabbyr Wac.
Xabbyr Wac is heavily wounded.
Xabbyr Wac hits you!!
You die...

▓▓▓▓▓▓▓▓▓▓▓▓▓▓▓▓▓▓▓
▓...8©8...▓..8©8..▓
▓..)[[}...▓.."."..▓
▓...:}?...▓..[|...▓
▓.........▓.......▓
▓.........▓.......▓
▓..3......▓...)...▓
▓....&....▓.......▓
▓.▓..@..▓.▓.▓...▓.▓
▓....©....▓...©...▓
▓▓▓▓▓▓▓▓▓▓▓▓▓▓▓▓▓▓▓
▓{.8©8..▓


{{{{{ ▓{.):)..▓ {{{ ▓..)43..▓ ▓...4...▓ ▓.......▓ ▓..)....▓ You could see Xabbyr
Wac and a friendly neqoxec.

Vanquished Creatures
  2 ugly things (D)
  A shining eye (D)
  A toenail golem (D)
  2 rust devils (D)
  A gargoyle (D)
  A yaktaur (D)
  A ynoxinul (D)
  A chaos spawn (D)
  A water moccasin (D)
  A sky beast (shapeshifter) (D)
  A wolf (D)
  A centaur (D)
  A big kobold (shapeshifter) (D)
  2 earth elementals (D)
  A scorpion (shapeshifter) (D)
  A crimson imp (D)
  A quasit (D)
  An orc priest (D)
  2 orc wizards (D)
  An adder (D)
  2 white imps (D)
  An orc (D)
  A ball python (D)
28 creatures vanquished.

Vanquished Creatures (collateral kills)
  A red draconian (D)
  2 black bears (D)
  A wolf (D)
  2 earth elementals (D)
  An ufetubus (D)
7 creatures vanquished.

Vanquished Creatures (others)
  Prince Ribbit (D)
  A quasit (D)
2 creatures vanquished.

Grand Total: 37 creatures vanquished

Notes
Turn   | Place    | Note
-------+----------+-------------------------------------------
     0 | D        | Found the +6 Majin-Bo {vamp, Archmagi MP+6 Int+6}
     0 | D        | Found the +7 great mace "Firestarter" {inner flame, rF++}
     0 | D        | nuthulu the Formicid Fighter began the quest for the Orb.
     0 | D        | Reached XP level 1. HP: 18/18 MP: 1/1
     0 | D        | Found a deep blue altar of Sif Muna.
     0 | D        | Found a bloodstained altar of Trog.
     0 | D        | Found a sacrificial altar of Ru.
     0 | D        | Found a stormy altar of Qazlal.
     0 | D        | Found an iron altar of Okawaru.
     1 | D        | Found a sparkling altar of Nemelex Xobeh.
     1 | D        | Found a blossoming altar of Fedhas.
     3 | D        | Found a transporter.
     3 | D        | Found an ancient bone altar of Kikubaaqudgha.
     3 | D        | Found a viscous altar of Jiyva.
     3 | D        | Found a corrupted altar of Lugonu.
     3 | D        | Found a hazy altar of Hepliaklqana.
     3 | D        | Found a burning altar of Makhleb.
     3 | D        | Found an opulent altar of Gozag.
    19 | D        | Found the +9 heavy crossbow "Sniper" {velocity, Acc+∞ SInv}
    19 | D        | Found the +10 dark maul {crush}
    19 | D        | Found the +15 Maxwell's patent armour {-Cast -Tele rElec
                  | MR+ rCorr}
    19 | D        | Found the +18 shield of the Gong {rElec rN+ MR+ EV-5}
    19 | D        | Found the cursed +14 obsidian axe {chop, +Fly SInv *Curse}
    22 | D        | Found the +6 shillelagh "Devastator" {shatter}
    22 | D        | Found the +11 plutonium sword {*Contam Stlth-}
    22 | D        | Found the +8 lance "Wyrmbane" {slay drac, rPois rF+ rC+
                  | AC+3}
    22 | D        | Found the +9 sword of Zonguldrok {reap}
    22 | D        | Found the cursed +13 scythe of Curses {drain, *Curse}
    22 | D        | Found the +0 sword of Power
    22 | D        | Found the +7 mace of Variability {chain chaos}
    22 | D        | Found the +7 Singing Sword {slice, sonic wave}
    22 | D        | Found the +7 longbow "Piercer" {penet, EV-2}
    50 | D        | Reached skill level 7 in Axes
    50 | D        | Reached XP level 2. HP: 24/24 MP: 2/2
    57 | D        | Became a worshipper of Makhleb the Destroyer
    65 | D        | Entered arena 2.
    65 | D        | Noticed a centaur
    65 | D        | Noticed a yaktaur
    65 | D        | Found a transporter.
    67 | D        | Killed a centaur
    67 | D        | Reached skill level 5 in Fighting
    67 | D        | Reached skill level 9 in Axes
    67 | D        | Reached XP level 3. HP: 33/33 MP: 3/3
    67 | D        | Reached XP level 4. HP: 39/39 MP: 4/4
    68 | D        | Killed a yaktaur
    68 | D        | Reached skill level 12 in Axes
    68 | D        | Reached XP level 5. HP: 51/51 MP: 5/5
    68 | D        | Reached XP level 6. HP: 57/57 MP: 6/6
    68 | D        | Reached XP level 7. HP: 63/63 MP: 7/7
    72 | D        | Got the amulet "Wiseon" {RegenMP rElec}
    76 | D        | Entered arena 3.
    76 | D        | Noticed a water moccasin
    76 | D        | Found a transporter.
    77 | D        | Found the ring of Robustness {AC+8}
    78 | D        | Reached * piety under Makhleb
    80 | D        | Killed a water moccasin
    90 | D        | Entered arena 4.
    90 | D        | Found a transporter.
    91 | D        | Reached ** piety under Makhleb
    91 | D        | Reached skill level 13 in Axes
    96 | D        | Reached skill level 10 in Fighting
    96 | D        | Reached XP level 8. HP: 70/72 MP: 8/8
   103 | D        | Entered arena 5.
   103 | D        | Found a transporter.
   106 | D        | Reached *** piety under Makhleb
   110 | D        | Reached skill level 14 in Axes
   115 | D        | Entered arena 6.
   115 | D        | Noticed a purple ugly thing
   115 | D        | Noticed a green ugly thing
   115 | D        | Found a transporter.
   122 | D        | Reached **** piety under Makhleb
   124 | D        | Killed a purple ugly thing
   124 | D        | Reached skill level 15 in Axes
   124 | D        | Killed Prince Ribbit
   125 | D        | Reached XP level 9. HP: 81/81 MP: 9/9
   127 | D        | Killed a white ugly thing
   137 | D        | Entered arena 7.
   137 | D        | Noticed a shining eye
   137 | D        | Noticed a red draconian
   138 | D        | Found a transporter.
   142 | D        | Reached skill level 16 in Axes
   142 | D        | Reached ***** piety under Makhleb
   146 | D        | Killed a shining eye
   146 | D        | Killed a red draconian
   146 | D        | Reached skill level 17 in Axes
   146 | D        | Reached XP level 10. HP: 92/92 MP: 10/10
   156 | D        | Entered arena 8.
   156 | D        | Noticed a gargoyle
   156 | D        | Noticed a toenail golem
   157 | D        | Found a transporter.
   160 | D        | Killed a toenail golem
   162 | D        | Killed a gargoyle
   174 | D        | Entered arena 9.
   174 | D        | Noticed a rust devil
   174 | D        | Noticed a rust devil
   174 | D        | Noticed Xabbyr Wac the pandemonium lord
   175 | D        | Found a transporter.
   183 | D        | Killed a rust devil
   183 | D        | Reached ****** piety under Makhleb
   183 | D        | Reached skill level 18 in Axes
   189 | D        | Killed a rust devil
   192 | D        | Reached skill level 19 in Axes
   204 | D        | Slain by Xabbyr Wac the pandemonium lord

Skill      XL: |  1  2  3  4  5  6  7  8  9 10 |
---------------+-------------------------------+-----
Axes           | 7 9 12 13 15 17 19 | 19.0
Fighting       | 5 8 10 11 13 | 13.7
Armour         | |  3.2
Shields        | |  3.6

Action                   |  1- 3 |  4- 6 |  7- 9 | 10-12 || total
-------------------------+-------+-------+-------+-------++-------
Melee: Broad axe         |     1 |     1 |    30 |    34 ||    66
  Use: Potion            |     1 |       |       |     3 ||     4
 Stab: Distracted        |       |       |       |     1 ||     1
Armor: Plate armour      |       |       |    17 |    19 ||    36
Dodge: Dodged            |       |       |     6 |     1 ||     7
Block: Shield            |     3 |     1 |    50 |    41 ||    95
